 Dungeon Crawl Stone Soup version 0.24.0-13-gcf9b3192b9 (webtiles) character file.

Game seed: 10974099098219906320, levelgen mode: deterministic

495 Peloso the Slasher (level 6, -1/56 HPs)
             Began as a Minotaur Fighter on Nov 8, 2019.
             Was an Initiate of Okawaru.
             Slain by a worker ant (6 damage)
             ... on level 6 of the Dungeon.
             The game lasted 00:07:22 (3481 turns).

Peloso the Slasher (Minotaur Fighter)               Turns: 3481, Time: 00:07:23

Health: -1/56      AC:  8    Str: 21    XL:     6   Next: 92%
Magic:  5/5        EV:  6    Int:  5    God:    Okawaru [......]
Gold:   302        SH: 11    Dex: 11    Spells: 5/5 levels left

rFire    . . .     SeeInvis .   a - +0 long sword
rCold    . . .     Gourm    .   c - +1 shield
rNeg     . . .     Faith    .   b - -1 chain mail
rPois    .         Spirit   .   (helmet restricted)
rElec    .         Reflect  .   (no cloak)
rCorr    .         Harm     .   (no gloves)
MR       .....                  (no boots)
Stlth    ..........             (no amulet)
HPRegen  0.18/turn              (no ring)
MPRegen  0.09/turn              (no ring)

@: no status effects
A: retaliatory headbutt, horns 2
a: Renounce Religion


You were on level 6 of the Dungeon.
You worshipped Okawaru.
Okawaru was noncommittal.
You were very hungry.

You visited 1 branch of the dungeon, and saw 5 of its levels.

You collected 302 gold pieces.

Inventory:

Hand Weapons
 a - a +0 long sword (weapon)
 n - a +2 short sword of flaming
Armour
 b - a -1 chain mail (worn)
 c - a +1 shield (worn)
Jewellery
 o - a +2 ring of strength {unknown}
Wands
 k - a wand of enslavement (11)
Scrolls
 g - a scroll of magic mapping
 h - 4 scrolls of remove curse
 l - 3 scrolls of enchant armour
Potions
 d - a potion of might
 e - 4 potions of agility
 i - a potion of flight
Comestibles
 f - 7 rations


   Skills:
 + Level 5.2 Fighting
 + Level 6.1 Long Blades
 + Level 5.3 Armour
 + Level 0.2 Dodging
 + Level 0.2 Stealth
 + Level 5.1 Shields


You had 5 spell levels left.
You didn't know any spells.
Your spell library was empty.

Dungeon Overview and Level Annotations

Branches:
Dungeon (4/15)
 Temple: D:4-7

Altars:
Ashenzari
Makhleb
Nemelex Xobeh
Okawaru
Ru

Annotations:
D:6 Edmund


Innate Abilities, Weirdness & Mutations

You reflexively headbutt those who attack you in melee.
You have a pair of horns on your head.


Message History

* * * LOW HITPOINT WARNING * * *
You feel sick.
You are no longer poisoned.
The worker ant twitches its antennae in your direction.
You block the scorpion's attack. The scorpion closely misses you.
An adder comes into view.
The adder hisses angrily.
A quasit comes into view.
The quasit gives a chilling moan.
The worker ant bites you but does no damage.
You block the adder's attack. The adder bites you but does no damage.
The worker ant bites you but does no damage.
Edmund grinds his teeth, and then sighs.
You block the adder's attack.
The scorpion stings you but does no damage.
You block the adder's attack. The worker ant bites you.
You die...

.............# #.....##
.............# #.....#
.............# #.....#
.............####.....#
...............##.....#
...............##.....#
...............##.....###
..............s##.......#
.............5@a@###....#
......######P.S.###....#
....# ._._##.........#
... ...PP #......)..#
...⌠.. #.........# #...P.
#.....#####
###+###.............
...............
...#...........


You could see Edmund, a scorpion, a worker ant, a quasit and an adder.

Vanquished Creatures
  An ogre (D:4)
  A crimson imp (D:6)
  3 hounds (D:4)
  A centaur skeleton (D:4)
  An orc wizard (D:6)
  A bullfrog skeleton (D:4)
  A worker ant (D:4)
  8 adders
  2 oozes
  3 dart slugs
  2 leopard geckos
  12 orcs
  5 bats
  3 giant cockroaches (D:3)
  8 goblins
  7 hobgoblins
  2 jackals (D:3)
  12 kobolds
  3 quokkas
  3 ball pythons
  5 frilled lizards
  9 rats
93 creatures vanquished.

Notes
Turn   | Place    | Note
-------+----------+-------------------------------------------
     0 | D:1      | Peloso the Minotaur Fighter began the quest for the Orb.
     0 | D:1      | Reached XP level 1. HP: 19/19 MP: 0/0
    72 | D:1      | Reached XP level 2. HP: 19/27 MP: 1/1
   887 | D:2      | Found a shattered altar of Ashenzari.
   887 | D:2      | Found a burning altar of Makhleb.
   900 | D:2      | Reached XP level 3. HP: 32/34 MP: 2/2
   909 | D:2      | Reached skill level 3 in Long Blades
   924 | D:2      | Found an iron altar of Okawaru.
  1045 | D:2      | Became a worshipper of Warmaster Okawaru
  1142 | D:2      | Reached XP level 4. HP: 40/41 MP: 3/3
  1682 | D:3      | Reached skill level 4 in Long Blades
  2351 | D:3      | Reached XP level 5. HP: 47/47 MP: 4/4
  2695 | D:4      | Noticed an ogre
  2703 | D:4      | Killed an ogre
  2703 | D:4      | Reached skill level 5 in Long Blades
  2703 | D:4      | Reached skill level 5 in Armour
  2703 | D:4      | Reached XP level 6. HP: 21/55 MP: 5/5
  2707 | D:4      | Reached skill level 5 in Fighting
  3303 | D:4      | You fall into a shaft and drop 2 floors!
  3310 | D:6      | Reached skill level 5 in Shields
  3382 | D:6      | Found a sacrificial altar of Ru.
  3386 | D:6      | Found a sparkling altar of Nemelex Xobeh.
  3408 | D:6      | Noticed Edmund
  3411 | D:6      | Reached * piety under Okawaru
  3411 | D:6      | Reached skill level 6 in Long Blades
  3442 | D:6      | HP: 2/56 [poisoned by a scorpion]
  3449 | D:6      | HP: 1/56 [poisoned by a scorpion]
  3457 | D:6      | HP: 1/56 [poisoned by a scorpion]
  3481 | D:6      | Slain by a worker ant

Levels and vault maps discovered:
D:1:      dpeg_arrival_arbitrary_a, layout_basic, minmay_domino_4
D:2:      layout_loops_cross, grunt_temple_overflow_open
D:3:      minmay_door_path, layout_basic, serial_co_window_serial,
          co_window_of_opportunity_a, co_window_paths_b,
          co_window_of_opportunity_a, co_window_paths_a, co_window_paths_a,
          co_window_corner_b, co_window_corner_b, co_window_broadway_c,
          co_window_cross_3, co_window_broadway_a, co_window_4corner_b,
          glass_columns_b, glass_columns_b, glass_columns_a, glass_columns_c,
          glass_columns_c, first_ration
D:4:      layout_cave_pools, kennysheep_path_1
D:6:      minmay_octagon_keep, layout_basic,
          gammafunk_temple_overflow_forgotten, minmay_temple_entry_offerings,
          uniq_grinder, uniq_edmund, uniq_pikel

Skill      XL: |  1  2  3  4  5  6 |
---------------+-------------------+-----
Armour         | 4 5 |  5.3
Fighting       | 4 5 |  5.2
Long Blades    | 3 4 5 6 |  6.1
Shields        | 4 5 |  5.1
Dodging        | |  0.2
Stealth        | |  0.2

Action                   |  1- 3 |  4- 6 || total
-------------------------+-------+-------++-------
Melee: Long sword        |    76 |   173 ||   249
       Headbutt          |     6 |    37 ||    43
Invok: Heroism           |       |     1 ||     1
  Use: Scroll            |     6 |     1 ||     7
       Potion            |     4 |     3 ||     7
  Eat: Chunk             |       |     4 ||     4
       Ration            |       |     1 ||     1
Armor: Scale mail        |     7 |       ||     7
       Chain mail        |    45 |    81 ||   126
Dodge: Dodged            |    22 |    39 ||    61
Block: Shield            |    41 |   119 ||   160
       Rpst.: Long sword |     5 |    11 ||    16
